AoeStats
← Azatapower

Golden Pit

507577455Analyzed
1v1 RM · 13d ago on Sep 18, 2026· 41m 57s· 2 players
Game mode
Random Map
Map size
Tiny (2 player)
Population
200
Speed
Normal
Resources
Standard
Victory
Conquest
Starting age
Dark Age
Ending age
Imperial Age
RankedLock teamsTeams togetherTeam positionsShared explorationLock speedFull tech treeHidden civsTurbo modeCheats
Victory
Defeat
🇮🇳 Aztecs · India
1318
+17
🇧🇷 Lithuanians · Brazil
1337
-17
Banana Philosopher
7:02 Loom
9:17 Feudal Age
10:39 Double-Bit Axe
13:57 Horse Collar
13:54 Man-at-Arms
16:57 Fletching
17:07 Padded Archer Armor
18:19 Padded Archer Armor
22:42 Castle Age
21:02 Scale Mail Armor
23:49 Crossbowman
24:25 Bodkin Arrow
26:34 Eagle Warrior
28:30 Pikeman
35:11 Chain Mail Armor
36:48 Sanctity
37:17 Redemption
39:34 Atonement
40:22 Forging
39:59 Gambesons
40:00 Arson
44:14 Imperial Age
Azatapower
6:02 Loom
9:11 Feudal Age
9:14 Man-at-Arms
12:20 Arson
15:51 Fletching
19:39 Horse Collar
20:25 Padded Archer Armor
20:17 Double-Bit Axe
24:59 Castle Age
23:42 Scale Barding Armor
24:14 Bloodlines
24:22 Gold Mining
25:01 Forging
29:05 Wheelbarrow
28:15 Town Watch
27:58 Light Cavalry
31:01 Chain Barding Armor
38:49 Iron Casting
40:09 Town Watch
40:56 Bow Saw
Connection lost

Rejoining the realm…

Still unreachable

The connection could not be restored.

Session expired

The server has moved on; the page needs a fresh start.